 Dungeon Crawl Stone Soup version 0.20-a0-705-gbe8799e (webtiles) character file.

1984 M4edhros the Sneak (level 9, -3/59 HPs)
             Began as an Octopode Artificer on Feb 21, 2017.
             Was a Believer of Ashenzari.
             Slain by a two-headed ogre
             ... wielding a +0 giant club
              (21 damage)
             ... on level 8 of the Dungeon.
             The game lasted 00:09:23 (6345 turns).

M4edhros the Sneak (Octopode Artificer)             Turns: 6345, Time: 00:09:24

Health: -3/59      AC:  3    Str: 11    XL:     9   Next: 21%
Magic:  13/13      EV: 18    Int: 13    God:    Ashenzari [**....]
Gold:   297        SH:  0    Dex: 16    Spells: 11/14 levels left

rFire    . . .     SeeInvis .   K - +0 whip (elec)
rCold    . . .     Gourm    .   (no shield)
rNeg     . . .     Faith    .   i - +2 hat (curse)
rPois    .         Spirit   .   (no amulet)
rElec    .         Reflect  .   (no ring)
rCorr    .         Harm     .   (no ring)
MR       .....                  (no ring)
Stlth    +++++.....             (no ring)
Regen    0.2/turn               (no ring)
MPRegen  0.2/turn               (no ring)
                                (no ring)
                                (no ring)

@: no status effects
A: almost no armour, stealthy swim, amphibious, 8 rings, constrict 8, camouflage
1, gelatinous body 1
a: Curse Item, Scrying, Renounce Religion


You were on level 8 of the Dungeon.
You worshipped Ashenzari.
Ashenzari was pleased with you.
You were very hungry.

You visited 1 branch of the dungeon, and saw 8 of its levels.

You collected 297 gold pieces.

Inventory:

Hand Weapons
 a - a +0 short sword
 k - a +0 hunting sling
 K - a +0 whip of electrocution (weapon)
Missiles
 m - 210 stones (quivered)
 D - 8 sling bullets
 H - 3 javelins of returning
Armour
 i - a cursed +2 hat (worn)
Jewellery
 u - an uncursed amulet of harm
 E - an uncursed amulet of the gourmand
Wands
 b - a wand of flame (4/48)
 c - a wand of enslavement (0/24)
 d - a wand of random effects (10/48)
 C - a wand of digging (14/24)
 J - a wand of iceblast (2/15)
Scrolls
 g - 3 scrolls of magic mapping {unknown}
 j - a scroll of blinking {unknown}
 l - 2 scrolls of immolation {unknown}
 n - 3 scrolls of teleportation {unknown}
 o - 3 scrolls of noise {unknown}
 p - 5 scrolls of remove curse
 r - 3 scrolls of recharging {unknown}
 s - 6 scrolls of identify {unknown}
 z - a scroll of random uselessness {unknown}
 F - a scroll of enchant weapon {unknown}
 M - a scroll of holy word {unknown}
Potions
 e - 3 potions of haste {unknown}
 h - 3 potions of magic {unknown}
 t - 2 potions of flight {unknown}
 v - a potion of heal wounds {unknown}
 w - a potion of degeneration {unknown}
 x - a potion of might {unknown}
 A - a potion of berserk rage {unknown}
 B - a potion of cancellation {unknown}
 G - 2 potions of resistance {unknown}
 L - a potion of invisibility {unknown}
 O - a potion of agility {unknown}
Books
 y - a book of Minor Magic

   Spells                             Type                      Level
   a - Magic Dart                     Conjuration                  1
   b - Blink                          Translocation                2
   c - Call Imp                       Summoning                    2
   d - Slow                           Hexes                        2
   e - Conjure Flame                  Conjuration/Fire             3
   f - Mephitic Cloud                 Conjuration/Poison/Air       3
Comestibles
 f - 6 bread rations
 q - 9 fruits
 I - 4 meat rations
 N - a royal jelly


   Skills:
 + Level 4.4 Fighting
 - Level 1.0 Short Blades
 + Level 4.0 Slings
 + Level 4.6(6.8) Dodging
 + Level 7.5(9.9) Stealth
 + Level 3.0 Spellcasting
 + Level 3.7 Conjurations
 + Level 3.3 Air Magic
 + Level 3.9 Poison Magic
 - Level 3.2 Evocations


You had 11 spell levels left.
You knew the following spells:

 Your Spells              Type           Power        Failure   Level  Hunger
a - Mephitic Cloud        Conj/Pois/Air  ##......     17%         3    ###....


Dungeon Overview and Level Annotations

Branches:
Dungeon (8/15)             Temple (0/1) D:6
   Lair: D:8-11

Altars:
Ashenzari
Dithmenos
Okawaru
Ru

Annotations:
D:4 soberaf's ghost, novice HaFi


Innate Abilities, Weirdness & Mutations

You cannot wear most types of armour.
You are very stealthy in the water. (Stealth+)
You are amphibious.
You can wear up to eight rings at the same time.
You can use your tentacles to constrict eight enemies at once.
Your skin changes colour to match your surroundings (Stealth+).
Your rubbery body absorbs attacks. (AC +1, EV +1)


Message History

The two-headed ogre is almost dead.
This wand has 6 charges left.
The two-headed ogre misses you. The two-headed ogre closely misses you.
Evoke which item? (* to show all) (? for menu, Esc to quit)
Aiming: Throw Flame
Press: ? - help, Shift-Dir - straight line, f/p - two-headed ogre
Aim: a two-headed ogre, wielding two giant clubs (almost dead)
The puff of flame hits the two-headed ogre.
The two-headed ogre is almost dead.
This wand has 5 charges left.
The two-headed ogre barely misses you. The two-headed ogre misses you.
Evoke which item? (* to show all) (? for menu, Esc to quit)
Aiming: Throw Flame
Press: ? - help, Shift-Dir - straight line, f/p - two-headed ogre
Aim: a two-headed ogre, wielding two giant clubs (almost dead)
The puff of flame hits the two-headed ogre.
The two-headed ogre is almost dead.
This wand has 4 charges left.
The two-headed ogre hits you with a giant club!!
You die...

*###############*
, ,
#..............,
#.............. ,
,+.....<........
*#...###...###.,
#. , #...###, * ,
, , ,#.@...#, , ,
#..O..+ , , ,,
#.....# ,*
#.##.## , * * ,
#+# ## * * , ,* ,
, ,* ,, ,, , , ,
* ,


You could see a two-headed ogre.

Vanquished Creatures
  Pikel (D:5)
  A wyvern (D:6)
  2 necrophages (D:6)
  An orc warrior (D:7)
  3 ogres
  2 scorpions
  3 crimson imps
  3 hounds
  2 orc priests
  Jessica (D:3)
  An iguana (D:4)
  3 orc wizards
  4 worker ants
  Robin (D:3)
  A worker ant zombie (D:6)
  2 gnolls (D:3)
  A howler monkey skeleton (D:4)
  13 adders
  2 oozes
  An adder zombie (D:5)
  An adder skeleton (D:5)
  4 dart slugs
  7 leopard geckos
  9 orcs
  A ball python (D:3)
  7 bats
  3 giant cockroaches
  14 goblins
  3 hobgoblins (D:3)
  3 jackals (D:3)
  3 quokkas
  2 frilled lizards
  6 kobolds
  A quokka zombie (D:7)
  9 rats
121 creatures vanquished.

Vanquished Creatures (collateral kills)
  2 orc priests (D:4)
  4 orc wizards (D:4)
  A gnoll (D:3)
  A worm (D:4)
  6 orcs (D:4)
  A kobold (D:3)
  A frilled lizard (D:4)
16 creatures vanquished.

Vanquished Creatures (others)
  2 slaves (D:5)
  A phantom (D:5)
  A hound (D:5)
  A worker ant (D:4)
  A gnoll (D:3)
6 creatures vanquished.

Grand Total: 143 creatures vanquished

Notes
Turn   | Place    | Note
-------+----------+-------------------------------------------
     0 | D:1      | M4edhros the Octopode Artificer began the quest for the Orb.
     0 | D:1      | Reached XP level 1. HP: 13/13 MP: 3/3
    41 | D:1      | Reached skill level 2 in Stealth
   294 | D:1      | You fall through a shaft!
   297 | D:2      | You fall through a shaft!
   297 | D:3      | Found a shattered altar of Ashenzari.
   302 | D:3      | Became a worshipper of Ashenzari the Shackled
   321 | D:3      | Reached skill level 3 in Stealth
   321 | D:3      | Reached XP level 2. HP: 18/18 MP: 4/4
   343 | D:3      | Noticed Jessica
   451 | D:3      | Reached skill level 4 in Stealth
   451 | D:3      | Reached XP level 3. HP: 9/23 MP: 5/5
   758 | D:3      | Killed Jessica
   758 | D:3      | Reached skill level 5 in Stealth
   758 | D:3      | Reached XP level 4. HP: 22/28 MP: 6/6
  1140 | D:1      | Reached skill level 1 in Slings
  1480 | D:2      | Reached XP level 5. HP: 24/34 MP: 7/7
  1658 | D:2      | Reached * piety under Ashenzari
  2012 | D:3      | Found an iron altar of Okawaru.
  2173 | D:3      | Learned a level 3 spell: Mephitic Cloud
  2471 | D:3      | Noticed Robin
  2482 | D:3      | Killed Robin
  2482 | D:3      | Reached XP level 6. HP: 34/41 MP: 8/8
  2664 | D:4      | Reached skill level 1 in Conjurations
  2675 | D:4      | Noticed soberaf's ghost (novice HaFi)
  2809 | D:5      | Entered Level 5 of the Dungeon
  2833 | D:5      | Noticed a phantom
  2868 | D:5      | Found a sacrificial altar of Ru.
  2895 | D:5      | Noticed Pikel
  2895 | D:5      | Noticed a slave
  2901 | D:5      | Noticed a slave
  2940 | D:5      | Reached skill level 6 in Stealth
  2940 | D:5      | Reached skill level 1 in Spellcasting
  2940 | D:5      | Reached skill level 1 in Poison Magic
  2940 | D:5      | Reached XP level 7. HP: 46/46 MP: 9/9
  2953 | D:5      | Reached skill level 1 in Air Magic
  3898 | D:5      | Killed Pikel
  3898 | D:5      | Reached XP level 8. HP: 20/54 MP: 9/11
  4388 | D:5      | Reached ** piety under Ashenzari
  4816 | D:6      | Found a shadowy altar of Dithmenos.
  5128 | D:6      | Reached skill level 7 in Stealth
  5233 | D:6      | Noticed a wyvern
  5239 | D:6      | Killed a wyvern
  5613 | D:6      | Found a staircase to the Ecumenical Temple.
  5741 | D:7      | Reached XP level 9. HP: 54/58 MP: 12/12
  6331 | D:8      | Noticed a two-headed ogre
  6345 | D:8      | Slain by a two-headed ogre

Vault maps used:
D:1:      evilmike_arrival_hilbert_curve
D:2:      first_bread
D:3:      okawaru_ov_weapons_minmay, nicolae_ashenzari_panopticon, uniq_jessica,
          uniq_robin
D:4:      hangedman_decor_slide_cut, minmay_misc_feat_alley, grunt_ministairs_3
D:5:      nicolae_ru_sacrificial_ziggurat, uniq_pikel
D:6:      lemuel_crystal_altar, minmay_temple_entry_poolview
D:8:      zin_purify, vehumet_statue, nicolae_overflow_quartered_altars

Skill      XL: |  1  2  3  4  5  6  7  8  9 |
---------------+----------------------------+-----
Stealth        | 3 4 5 6 7 |  7.5
Slings         | 1 2 3 4 |  4.0
Fighting       | 2 3 4 |  4.4
Conjurations   | 1 2 3 |  3.7
Dodging        | 3 4 |  4.6
Spellcasting   | 1 2 3 |  3.0
Poison Magic   | 1 2 3 |  3.9
Air Magic      | 2 3 |  3.3
Short Blades   | |  1.0
Evocations     | |  3.2

Action                   |  1- 3 |  4- 6 |  7- 9 || total
-------------------------+-------+-------+-------++-------
Melee: Short sword       |    34 |   109 |    50 ||   193
       Constrict         |     7 |    22 |    32 ||    61
       Tentacles         |     4 |    18 |    30 ||    52
       Whip              |       |       |    94 ||    94
Invok: Curse Item        |       |       |     1 ||     1
Evoke: Wand              |     2 |    10 |    19 ||    31
 Stab: Sleeping          |    10 |    17 |    14 ||    41
       Distracted        |       |       |     2 ||     2
  Eat: Chunk             |       |     6 |     6 ||    12
       Royal jelly       |       |       |     2 ||     2
Armor: Skin              |     7 |    15 |    13 ||    35
Dodge: Dodged            |    22 |    61 |   104 ||   187
